AZL
MILWAUKEE (AZL) BREWERS @ LOS ANGELES N (AZL) DODGERS
07/08/2099
 
TOP OF THE 1ST
Milwaukee (AZL) Brewers batting - Pitching for Los Angeles N (AZL) Dodgers : RHP Vincent Aragon
Pitching: RHP Vincent Aragon
Batting: SHB Andrew Colley 0-0: Ball
1-0: Ball
2-0: Foul Ball, location: 7LSF
2-1: Ball
3-1: Ground out 4-3 (Groundball, 4, EV 86.3 MPH)
Batting: RHB Josh Young 0-0: Ball
1-0: Swinging Strike
1-1: Ball
2-1: Ball
3-1: Base on Balls
Batting: LHB Dan Kirk 0-0: Called Strike
0-1: Foul Ball, location: 2F
0-2: Ball
1-2: SINGLE (Line Drive, 4D, EV 96.9 MPH)
Josh Young to second
Batting: RHB Mike Jaramillo 0-0: Called Strike
0-1: Ball
1-1: Swinging Strike
1-2: Foul Ball, location: 2F
1-2: SINGLE (Line Drive, 6D, EV 94.4 MPH)
Josh Young to third
Dan Kirk to second
Runner from 3rd tries for Home, SAFE, throw by LF to home
Batting: LHB Zack Kneifl 0-0: Swinging Strike
0-1: Foul Ball, location: 5F
0-2: Fly out, F7 (Flyball, 7D, EV 103.1 MPH)
Runner from 2nd tags up, SAFE at 3rd, no throw by LF
Batting: LHB Bobby Spielman 0-0: Called Strike
0-1: Ground out 4-3 (Groundball, 4MS, EV 87.5 MPH)
Top of the 1st over - 1 run, 2 hits, 0 errors, 2 left on base; Milwaukee (AZL) 1 - Los Angeles N (AZL) 0
BOTTOM OF THE 1ST
Los Angeles N (AZL) Dodgers batting - Pitching for Milwaukee (AZL) Brewers : RHP Dan Grilli
Pitching: RHP Dan Grilli
Batting: RHB Brenden Fleming 0-0: Ground out 5-3 (Groundball, 56, EV 98.1 MPH)
Batting: LHB Chris Stewart 0-0: Called Strike
0-1: SINGLE (Line Drive, 56, EV 104.4 MPH)
Batting: LHB Alberto Fernandez 0-0: Ball
1-0: Called Strike
1-1: SINGLE (Line Drive, 9LS, EV 88.1 MPH)
Chris Stewart to second
Batting: LHB Jared Heims 0-0: Called Strike
0-1: Fielders Choice at 2nd, 3-6 (Groundball, 34S, EV 90.0 MPH)
Chris Stewart to third
Batting: LHB Laurent Chéron 0-0: Ball
1-0: Ball
2-0: Ball
3-0: Called Strike
3-1: Foul Ball, location: 25F
3-2: DOUBLE (Line Drive, 89XD, EV 101.9 MPH)
Chris Stewart scores
Jared Heims to third
Jared Heims scores
Batting: RHB Diego Melis 0-0: Ball
1-0: Swinging Strike
1-1: Called Strike
1-2: Ball
2-2: Ball
3-2: Strikes out looking
Bottom of the 1st over - 2 runs, 3 hits, 0 errors, 1 left on base; Milwaukee (AZL) 1 - Los Angeles N (AZL) 2
TOP OF THE 2ND
Milwaukee (AZL) Brewers batting - Pitching for Los Angeles N (AZL) Dodgers : RHP Vincent Aragon
Batting: LHB Terry Moseley 0-0: Ball
1-0: Swinging Strike
1-1: Foul Ball, location: 2F
1-2: Ball
2-2: Strikes out swinging
Batting: LHB Jon Bradshaw 0-0: Ball
1-0: Ball
2-0: Fly out, F9 (Flyball, 89S, EV 85.6 MPH)
Batting: RHB Adam Torgerson 0-0: Called Strike
0-1: Foul Ball, location: 9LDF
0-2: Ball
1-2: Ball
2-2: Ball
3-2: Base on Balls
Batting: SHB Andrew Colley 0-0: Ball
1-0: Called Strike
1-1: Called Strike
1-2: Foul Ball, location: 3F
1-2: Ball
2-2: Foul Ball, location: 3FF
2-2: Strikes out swinging
Top of the 2nd over - 0 runs, 0 hits, 0 errors, 1 left on base; Milwaukee (AZL) 1 - Los Angeles N (AZL) 2
BOTTOM OF THE 2ND
Los Angeles N (AZL) Dodgers batting - Pitching for Milwaukee (AZL) Brewers : RHP Dan Grilli
Batting: LHB Mac Reichert 0-0: Ball
1-0: Foul Ball, location: 3FF
1-1: Ball
2-1: Swinging Strike
2-2: Ball
3-2: Foul Ball, location: 9LSF
3-2: Foul Ball, location: 2F
3-2: Fly out, F4 (Popup, 3DF, EV 41.9 MPH)
Batting: LHB Jeff Margolis 0-0: Foul Ball, location: 2F
0-1: Ball
1-1: Foul Ball, location: 25F
1-2: Strikes out swinging
Batting: SHB Tony Morales 0-0: Ball
1-0: Foul Ball, location: 7LMF
1-1: Called Strike
1-2: Strikes out swinging
Bottom of the 2nd over - 0 runs, 0 hits, 0 errors, 0 left on base; Milwaukee (AZL) 1 - Los Angeles N (AZL) 2
TOP OF THE 3RD
Milwaukee (AZL) Brewers batting - Pitching for Los Angeles N (AZL) Dodgers : RHP Vincent Aragon
Batting: RHB Josh Young 0-0: Ball
1-0: Ball
2-0: Ball
3-0: Base on Balls
Batting: LHB Dan Kirk 0-0: Foul Ball, location: 23F
0-1: Ball
1-1: Swinging Strike
1-2: Foul Ball, location: 7LSF
1-2: Ball
2-2: Ball
3-2: Base on Balls
Josh Young to second
Batting: RHB Mike Jaramillo 0-0: Foul Ball, location: 7LSFF
0-1: Ball
1-1: Ball
2-1: Ball
3-1: Called Strike
3-2: Fly out, F9 (Flyball, 9LM, EV 92.5 MPH)
Batting: LHB Zack Kneifl 0-0: Ball
1-0: Foul Ball, location: 2F
1-1: Ball
2-1: Foul Ball, location: 2RF
2-2: Ball
3-2: Base on Balls
Josh Young to third
Dan Kirk to second
Batting: LHB Bobby Spielman 0-0: Ball
1-0: Called Strike
1-1: Ball
2-1: Ball
3-1: Base on Balls
Josh Young scores
Dan Kirk to third
Zack Kneifl to second
Batting: LHB Terry Moseley 0-0: Ball
1-0: Ball
2-0: Fly out, F8 (Flyball, 8RXD, EV 92.5 MPH)
Runner from 3rd tags up, SCORES, no throw by CF
Batting: LHB Jon Bradshaw 0-0: Ball
1-0: Foul Ball, location: 23F
1-1: Fly out, F9 (Flyball, 89M, EV 93.1 MPH)
Top of the 3rd over - 2 runs, 0 hits, 0 errors, 2 left on base; Milwaukee (AZL) 3 - Los Angeles N (AZL) 2
BOTTOM OF THE 3RD
Los Angeles N (AZL) Dodgers batting - Pitching for Milwaukee (AZL) Brewers : RHP Dan Grilli
Batting: RHB Brenden Fleming 0-0: Called Strike
0-1: Ball
1-1: Called Strike
1-2: SINGLE (Line Drive, 4D, EV 100.0 MPH)
Batting: LHB Chris Stewart 0-0: SINGLE (Line Drive, 8RS, EV 93.8 MPH)
Brenden Fleming to second
Batting: LHB Alberto Fernandez 0-0: Called Strike
0-1: Called Strike
0-2: Foul Ball, location: 5SF
0-2: Foul Ball, location: 23F
0-2: Foul Ball, location: 3F
0-2: Ball
1-2: Fly out, F2 (Popup, 25F, EV 88.8 MPH)
Batting: LHB Jared Heims 0-0: SINGLE (Line Drive, 4D, EV 108.1 MPH)
Brenden Fleming to third
Chris Stewart to second
Runner from 3rd tries for Home, SAFE, throw by RF to home
Batting: LHB Laurent Chéron 0-0: Ball
1-0: Foul Ball, location: 23F
1-1: Ball
2-1: Ball
3-1: Base on Balls
Chris Stewart to third
Jared Heims to second
Batting: RHB Diego Melis 0-0: Ball
1-0: Grounds into double play, 4-2-3 (Groundball, 4, EV 101.9 MPH)
Bottom of the 3rd over - 1 run, 3 hits, 0 errors, 2 left on base; Milwaukee (AZL) 3 - Los Angeles N (AZL) 3
TOP OF THE 4TH
Milwaukee (AZL) Brewers batting - Pitching for Los Angeles N (AZL) Dodgers : RHP Vincent Aragon
Batting: RHB Adam Torgerson 0-0: Ball
1-0: Fly out, F9 (Flyball, 9, EV 86.9 MPH)
Batting: SHB Andrew Colley 0-0: Ball
1-0: Ground out 4-3 (Groundball, 4, EV 78.1 MPH)
Batting: RHB Josh Young 0-0: Called Strike
0-1: Ball
1-1: SINGLE (Line Drive, 7S, EV 90.0 MPH)
Pitching: RHP Pat Campa
Batting: LHB Dan Kirk 0-0: Called Strike
0-1: Foul Ball, location: 7LMF
0-2: Strikes out swinging, 2-3 out at first.
Top of the 4th over - 0 runs, 1 hit, 0 errors, 1 left on base; Milwaukee (AZL) 3 - Los Angeles N (AZL) 3
BOTTOM OF THE 4TH
Los Angeles N (AZL) Dodgers batting - Pitching for Milwaukee (AZL) Brewers : RHP Dan Grilli
Batting: LHB Mac Reichert 0-0: Ball
1-0: Fly out, F9 (Flyball, 89M, EV 94.4 MPH)
Batting: LHB Jeff Margolis 0-0: Called Strike
0-1: Ball
1-1: SINGLE (Groundball, 56D, EV 86.9 MPH) (infield hit)
Batting: SHB Tony Morales 0-0: Ball
1-0: Ball
2-0: Ball
3-0: Called Strike
3-1: Grounds into double play, 1-6-3 (Groundball, 13, EV 63.1 MPH)
Bottom of the 4th over - 0 runs, 1 hit, 0 errors, 0 left on base; Milwaukee (AZL) 3 - Los Angeles N (AZL) 3
TOP OF THE 5TH
Milwaukee (AZL) Brewers batting - Pitching for Los Angeles N (AZL) Dodgers : RHP Pat Campa
Batting: RHB Mike Jaramillo 0-0: Called Strike
0-1: Foul Ball, location: 2F
0-2: Ball
1-2: Ground out 5-3 (Groundball, 56S, EV 93.1 MPH)
Batting: LHB Zack Kneifl 0-0: Ball
1-0: Fly out, F3 (Popup, 23F, EV 81.9 MPH)
Batting: LHB Bobby Spielman 0-0: Ball
1-0: Foul Ball, location: 23F
1-1: Swinging Strike
1-2: Strikes out looking
Top of the 5th over - 0 runs, 0 hits, 0 errors, 0 left on base; Milwaukee (AZL) 3 - Los Angeles N (AZL) 3
BOTTOM OF THE 5TH
Los Angeles N (AZL) Dodgers batting - Pitching for Milwaukee (AZL) Brewers : RHP Dan Grilli
Batting: RHB Brenden Fleming 0-0: Ball
1-0: Foul Ball, location: 9LMF
1-1: Ball
2-1: Fly out, F9 (Flyball, 9LD, EV 90.0 MPH)
Batting: LHB Chris Stewart 0-0: Ball
1-0: Ball
2-0: SINGLE (Groundball, 6MD, EV 95.6 MPH)
Pitching: LHP Victor Mendoza
Batting: LHB Alberto Fernandez 0-0: Ball
1-0: Called Strike
1-1: Foul Ball, location: 2LF
1-2: Ball
2-2: Ball
3-2: Base on Balls
Chris Stewart to second
Batting: LHB Jared Heims 0-0: Called Strike
0-1: Ball
1-1: Foul Ball, location: 25FF
1-2: Strikes out swinging
Pinch Hitting: RHB Alex Garza 0-0: Called Strike
0-1: Ball
1-1: Ball
2-1: Ball
3-1: Base on Balls
Chris Stewart to third
Alberto Fernandez to second
Pinch Hitting: SHB Joe Helle 0-0: Ball
1-0: Ball
2-0: Ground out 1-3 (Groundball, 34S, EV 69.4 MPH)
Bottom of the 5th over - 0 runs, 1 hit, 0 errors, 3 left on base; Milwaukee (AZL) 3 - Los Angeles N (AZL) 3
TOP OF THE 6TH
Milwaukee (AZL) Brewers batting - Pitching for Los Angeles N (AZL) Dodgers : RHP Pat Campa
Now at 1B: Tony Romero
Now at 2B: Joe Helle
Pinch Hitting: RHB Julio Lopez 0-0: Called Strike
0-1: Ball
1-1: Fly out, F9 (Line Drive, 9S, EV 96.9 MPH)
Batting: LHB Jon Bradshaw 0-0: Fly out, F2 (Popup, 25F, EV 88.1 MPH)
Pinch Hitting: SHB Geoff Carbone 0-0: Foul Ball, location: 2F
0-1: Ball
1-1: Hit by Pitch
Batting: SHB Andrew Colley 0-0: Swinging Strike
0-1: Called Strike
0-2: Ball
1-2: Strikes out swinging
Top of the 6th over - 0 runs, 0 hits, 0 errors, 1 left on base; Milwaukee (AZL) 3 - Los Angeles N (AZL) 3
BOTTOM OF THE 6TH
Los Angeles N (AZL) Dodgers batting - Pitching for Milwaukee (AZL) Brewers : LHP Victor Mendoza
Now at SS: Julio Lopez
Now in CF: Danny Stein
Batting: RHB Jay Ford 0-0: Fly out, F9 (Flyball, 9S, EV 81.3 MPH)
Batting: LHB Jeff Margolis 0-0: Called Strike
0-1: Ball
1-1: Swinging Strike
1-2: Ball
2-2: Foul Ball, location: 7LSF
2-2: Strikes out looking
Batting: SHB Tony Morales 0-0: Ball
1-0: SINGLE (Groundball, 34D, EV 98.1 MPH)
Batting: RHB Brenden Fleming 0-0: Foul Ball, location: 3F
0-1: Ball
1-1: SINGLE (Flyball, 8LS, EV 87.5 MPH)
Tony Morales to second
Runner from 2nd tries for 3rd, SAFE, no throw by CF
Batting: LHB Chris Stewart 0-0: Called Strike
0-1: Swinging Strike
0-2: Fielders Choice at 2nd, 6-4 (Groundball, 6, EV 85.6 MPH)
Bottom of the 6th over - 0 runs, 2 hits, 0 errors, 2 left on base; Milwaukee (AZL) 3 - Los Angeles N (AZL) 3
TOP OF THE 7TH
Milwaukee (AZL) Brewers batting - Pitching for Los Angeles N (AZL) Dodgers : RHP Pat Campa
Batting: RHB Josh Young 0-0: Ball
1-0: Ball
2-0: Called Strike
2-1: Ball
3-1: Called Strike
3-2: SINGLE (Groundball, 34D, EV 98.1 MPH)
Batting: LHB Dan Kirk 0-0: Ball
Wild Pitch!
Josh Young to second
1-0: Ball
2-0: Fly out, F7 (Flyball, 7D, EV 101.3 MPH)
Batting: RHB Mike Jaramillo 0-0: Swinging Strike
0-1: Ball
1-1: Ball
2-1: Ball
3-1: Base on Balls
Pinch Runner at 2nd Francisco Rosa:
Pinch Hitting: RHB Dermott Butterell 0-0: Fielders Choice at 2nd, 5-4 (Groundball, 5, EV 88.1 MPH)
Francisco Rosa to third
Batting: LHB Bobby Spielman 0-0: Ball
1-0: Ball
2-0: Foul Ball, location: 3FF
2-1: Ball
3-1: Swinging Strike
3-2: Base on Balls
Dermott Butterell to second
Pitching: LHP Rich Shore
Batting: RHB Julio Lopez 0-0: Called Strike
0-1: Ball
1-1: Ball
2-1: Fly out, F9 (Line Drive, 9S, EV 104.4 MPH)
Top of the 7th over - 0 runs, 1 hit, 0 errors, 3 left on base; Milwaukee (AZL) 3 - Los Angeles N (AZL) 3
BOTTOM OF THE 7TH
Los Angeles N (AZL) Dodgers batting - Pitching for Milwaukee (AZL) Brewers : LHP Victor Mendoza
Now at 1B: Ronnie Escalona
Pinch Hitting: RHB Danny Rojas 0-0: Ball
1-0: Swinging Strike
1-1: SINGLE (Groundball, 6D, EV 94.4 MPH)
Batting: LHB Jared Heims
Pinch Hitting: RHB Carlos Sanchez 0-0: Ball
1-0: Ball
2-0: Grounds into double play, 6-4-3 (Groundball, 6, EV 87.5 MPH)
Pinch Hitting: RHB Javy Castillo 0-0: Ball
1-0: Called Strike
1-1: Ball
2-1: Ball
3-1: Called Strike
3-2: Strikes out looking
Bottom of the 7th over - 0 runs, 1 hit, 0 errors, 0 left on base; Milwaukee (AZL) 3 - Los Angeles N (AZL) 3
TOP OF THE 8TH
Milwaukee (AZL) Brewers batting - Pitching for Los Angeles N (AZL) Dodgers : LHP Rich Shore
Now at 1B: Jeremy Rivers
Now in CF: Carlos Sanchez
Now in RF: Angelo Armenta
Pinch Hitting: RHB Matt Mobley 0-0: Foul Ball, location: 2F
0-1: Called Strike
0-2: Ball
1-2: Foul Ball, location: 2F
1-2: Foul Ball, location: 9LSFF
1-2: SINGLE (Line Drive, 34, EV 96.9 MPH)
Batting: RHB Danny Stein 0-0: Grounds into double play, 4-6-3 (Groundball, 34S, EV 86.9 MPH)
Batting: SHB Andrew Colley 0-0: Called Strike
0-1: Ball
1-1: Ground out 5-3 (Groundball, 56, EV 83.8 MPH)
Top of the 8th over - 0 runs, 1 hit, 0 errors, 0 left on base; Milwaukee (AZL) 3 - Los Angeles N (AZL) 3
BOTTOM OF THE 8TH
Los Angeles N (AZL) Dodgers batting - Pitching for Milwaukee (AZL) Brewers : LHP Victor Mendoza
Pitching: RHP Billy Crawford
Now in LF: Felipe Valdes
Now in RF: Andrew Colley
Batting: SHB Joe Helle 0-0: SINGLE (Line Drive, 8RS, EV 85.0 MPH)
Batting: LHB Frank Arroyo 0-0: Swinging Strike
0-1: Fly out, F9 (Flyball, 9, EV 95.6 MPH)
Pinch Hitting: LHB Malcolm Roy 0-0: Called Strike
0-1: Ball
1-1: Called Strike
1-2: Ball
2-2: Foul Ball, location: 5FF
2-2: Foul Ball, location: 25F
2-2: Fly out, F8 (Line Drive, 8LD, EV 106.3 MPH)
Pinch Hitting: RHB Casey Reel 0-0: Ball
Wild Pitch!
Joe Helle to second
1-0: Called Strike
1-1: Swinging Strike
1-2: Foul Ball, location: 9LDF
1-2: Fly out, F8 (Flyball, 78M, EV 90.6 MPH)
Bottom of the 8th over - 0 runs, 1 hit, 0 errors, 1 left on base; Milwaukee (AZL) 3 - Los Angeles N (AZL) 3
TOP OF THE 9TH
Milwaukee (AZL) Brewers batting - Pitching for Los Angeles N (AZL) Dodgers : LHP Rich Shore
Now at C: Malcolm Roy
Now at 2B: Abraham Castro
Now at 3B: Joe Helle
Batting: RHB Francisco Rosa 0-0: Ball
1-0: Foul Ball, location: 9LSF
1-1: SINGLE (Line Drive, 9S, EV 95.0 MPH)
Batting: LHB Dan Kirk 0-0: Called Strike
0-1: Ball
1-1: Ball
2-1: Foul Ball, location: 25F
2-2: Foul Ball, location: 2F
2-2: 2-RUN HOME RUN (Flyball, 9D, EV 95.6 MPH), Distance : 353 ft
Batting: RHB Mike Jaramillo 0-0: Called Strike
0-1: Foul Ball, location: 2F
0-2: Ball
1-2: Foul Ball, location: 5F
1-2: Ball
2-2: SINGLE (Line Drive, 8RS, EV 93.1 MPH)
Batting: RHB Ronnie Escalona 0-0: Ball
1-0: Foul Ball, location: 9LSF
1-1: Ball
2-1: 2-RUN HOME RUN (Flyball, 89XD, EV 102.5 MPH), Distance : 393 ft
Pitching: RHP Jimmy Pender
Batting: LHB Bobby Spielman 0-0: Ball
1-0: Ball
2-0: Called Strike
2-1: Swinging Strike
2-2: Ball
3-2: Ground out 4-3 (Groundball, 34D, EV 106.9 MPH)
Batting: RHB Julio Lopez 0-0: SINGLE (Line Drive, 5D, EV 98.1 MPH)
Pinch Hitting: RHB Jeff Lindsey 0-0: Swinging Strike
0-1: Ball
1-1: Ball
2-1: Called Strike
2-2: Fly out, F8 (Line Drive, 8RM, EV 93.1 MPH)
Batting: RHB Danny Stein 0-0: Foul Ball, location: 2F
0-1: Ball
1-1: Called Strike
1-2: Foul Ball, location: 3F
1-2: Ball
2-2: Fielders Choice at 2nd, 5-4 (Groundball, 5, EV 99.4 MPH)
Top of the 9th over - 4 runs, 5 hits, 0 errors, 1 left on base; Milwaukee (AZL) 7 - Los Angeles N (AZL) 3
BOTTOM OF THE 9TH
Los Angeles N (AZL) Dodgers batting - Pitching for Milwaukee (AZL) Brewers : RHP Billy Crawford
Now in LF: Andrew Colley
Now in CF: Danny Stein
Now in RF: John Good
Batting: RHB Brenden Fleming 0-0: Called Strike
0-1: Ball
1-1: Called Strike
1-2: Ball
2-2: Ground out 5-3 (Groundball, 56S, EV 93.1 MPH)
Batting: LHB Chris Stewart 0-0: SINGLE (Groundball, 4MD, EV 108.1 MPH)
Batting: RHB Jeremy Rivers 0-0: Ball
1-0: Called Strike
1-1: Ball
2-1: Ball
3-1: Foul Ball, location: 2F
3-2: Grounds into double play, 5-4-3 (Groundball, 56, EV 105.6 MPH)
Bottom of the 9th over - 0 runs, 1 hit, 0 errors, 0 left on base; Milwaukee (AZL) 7 - Los Angeles N (AZL) 3
Saturday, May 11th , 2024 - OOTP Baseball 24.11 Build 85